 Dungeon Crawl Stone Soup version 0.31.0-9-g3a7656b989 (webtiles) character file.

Game seed: 16181128357223068867

2034 Kenran the Martial Artist (level 9, -1/50 (58) HPs)
             Began as an Octopode Shapeshifter on Jan 31, 2024.
             Was an Initiate of Gozag.
             Slain by a wight
             ... wielding a +0 great sword
              (8 damage)
             ... on level 6 of the Dungeon.
             The game lasted 00:09:45 (4798 turns).

Kenran the Martial Artist (Octopode Shapeshifter)   Turns: 4798, Time: 00:09:46

HP:   -1/50 (58)    AC:  5    Str: 13    XL:     9   Next: 24%
MP:   9/9           EV: 15    Int: 12    God:    Gozag
Gold: 663           SH:  0    Dex: 16    Spells: 8/8 levels left

rFire   . .          .
                       - Unarmed
rCold   . . .        (no shield)
rNeg    . . .        (helmet currently unavailable)
rPois   +            i - amulet of regeneration
rElec   .            m - +4 ring of protection
rCorr   .            p - ring of poison resistance
SInv    .            (no ring)
Will    .....        (no ring)
Stlth   ++++         (no ring)
HPRegen 1.08/turn    (no ring)
MPRegen 0.11/turn    (no ring)
                     (no ring)

%: no passive effects
@: beast-form, heavily drained
A: beast (slay +1), almost no armour, amphibious, 8 rings, camouflage 1,
gelatinous body 1, (nimble swimmer 1), tentacles
a: Begin Untransformation, Renounce Religion, Potion Petition, Call Merchant,
Bribe Branch


You were on level 6 of the Dungeon.
You worshipped Gozag.
Gozag was pleased with you.
You were a hulking beast.
You visited 1 branch of the dungeon, and saw 7 of its levels.

You collected 758 gold pieces.
You paid 95 gold pieces to Gozag.

Inventory:

Missiles
 a - 2 throwing nets
 n - 13 poisoned darts (quivered)
Jewellery
 i - an amulet of regeneration (around mantle)
 m - a +4 ring of protection (left tentacle)
 p - a ring of poison resistance (right tentacle)
Talismans
 b - a beast talisman
 c - a flux talisman
Wands
 t - a wand of polymorph (3)
 w - a wand of paralysis (11)
 x - a wand of digging (7)
Scrolls
 e - a scroll of enchant armour
 f - 2 scrolls of vulnerability {!r}
 g - 8 scrolls of teleportation
 k - a scroll of amnesia
 q - a scroll of blinking
 r - 3 scrolls of fog
 u - a scroll of immolation {unknown}
 y - a scroll of fear {unknown}
Potions
 d - 3 potions of curing {@q1}
 h - a potion of resistance {unknown}
 j - a potion of heal wounds {unknown}
 l - 2 potions of haste {unknown}
 o - 2 potions of mutation {unknown}
 s - a potion of lignification {!q}
 v - a potion of brilliance {unknown}
 z - a potion of attraction {unknown}


   Skills:
 - Level 4.0 Fighting
 - Level 5.0 Dodging
 - Level 5.0 Stealth
 - Level 10.0 Unarmed Combat
 + Level 3.0 Shapeshifting


You had 8 spell levels left.
You didn't know any spells.
Your spell library contained the following spells:

 Spells                   Type           Power      Damage    Failure   Level
 Fugue of the Fallen      Necr           0%         N/A       69%         3
 Ozocubu's Armour         Ice            0%         N/A       69%         3
 Manifold Assault         Tloc           0%         N/A       97%         4


Dungeon Overview and Level Annotations

Branches:
Dungeon (7/15)             Temple (0/1) D:7

Altars:
Gozag
Makhleb
Nemelex Xobeh
Trog
Vehumet

Shops:
D:3 (   D:4 (


Innate Abilities, Weirdness & Mutations

You are a hulking beast.
Your limbs bulge with bestial killing power. (Slay +1)
You cannot wear most types of armour.
You are amphibious.
You can wear up to eight rings at the same time.
Your skin changes colour to match your surroundings (Stealth+).
Your rubbery body absorbs attacks. (AC +1, EV +1)
((You are camouflaged when in or above water. (Stealth+)))
You have tentacles for arms and can constrict up to eight enemies at once.


Message History

Your Fighting skill increases to level 4!
You need to enable at least one skill for training.
You now have 663 gold pieces (gained 5).
Things that are here:
a +3 spear of freezing; a +0 robe
There is a stone staircase leading down here.
You start resting.
HP restored.
You climb downwards.
The wight hits you with a +0 great sword!
You feel drained.
There is a stone staircase leading up, spattered with blood here.
The wight hits you with a +0 great sword!!
* * * LOW HITPOINT WARNING * * *
You feel drained.
* * * LOW HITPOINT WARNING * * *
You climb upwards.
There is a stone staircase leading down here.
You closely miss the wight. You grab the wight. You constrict the wight.
The wight closely misses you.
You tentacle-slap the wight but do no damage.
The wight is lightly damaged.
You constrict the wight, but do no damage.
The wight closely misses you.
You tentacle-slap the wight.
The wight is heavily damaged.
You constrict the wight, but do no damage.
The wight hits you with a +0 great sword!
* * * LOW HITPOINT WARNING * * *
You feel drained.
* * * LOW HITPOINT WARNING * * *
You tentacle-slap the wight.
The wight is severely damaged.
You constrict the wight. You tentacle-slap the wight.
The wight is almost destroyed.
You constrict the wight, but do no damage.
The wight hits you with a +0 great sword!
You die...
Your body crumbles into a pile of gold.

#.#####.....######.....#.....#
#.# ###.#.# #..###.#.##.#
####.######....### #..#
#.#.##.# ...........#.....##
#..# #.#....#
.###............#.# #..#
#.###[.#
.#....###.###....####..# #.#
#..# .#.##.# #..............#
#.# #..#
.#.##.###.###....####.## #.#
#..# .#ยป##.....# ##.#h# #.#
#.# #).# .#.##.#.#.## #.#z#
#.####.###..# ..)........#
#.#.# #...........#
.#..#.#.#..# #.#.##
#.####.######
[#..##...#.###....###.####.#
....###.##......>....#.)...#
....##...#####....#.###.####
...................## ##.#
###.##...#.########.###.##


You could see a wight.

Vanquished Creatures
  2 water moccasins (D:6)
  An ice beast (D:7)
  A black bear (D:5)
  A sky beast (D:6)
  An ogre (D:6)
  A centaur (D:4)
  2 phantoms
  A bullfrog (D:7)
  2 scorpions
  6 wights (D:6)
  2 bombardier beetles
  6 hounds
  An orc wizard (D:6)
  6 iguanas
  6 gnolls
  6 adders
  2 shadow imps (D:6)
  A white imp (D:7)
  5 ribbon worms
  2 dart slugs
  12 orcs
  8 endoplasms
  3 giant cockroaches
  18 hobgoblins
  12 jackals
  6 quokkas
  4 ball pythons
  8 bats
  7 frilled lizards
  10 goblins
  13 kobolds
  8 rats
164 creatures vanquished.

Notes
Turn   | Place    | Note
-------+----------+-------------------------------------------
     0 | D:1      | Kenran the Octopode Shapeshifter began the quest for the
                  | Orb.
     0 | D:1      | Reached XP level 1. HP: 13/13 MP: 1/1
    51 | D:1      | Reached XP level 2. HP: 18/18 MP: 2/2
   244 | D:1      | Reached skill level 4 in Unarmed Combat
   302 | D:1      | Reached XP level 3. HP: 23/23 MP: 3/3
   655 | D:2      | Reached XP level 4. HP: 12/28 MP: 4/4
   805 | D:2      | Reached skill level 5 in Unarmed Combat
  1178 | D:3      | Found Ydylauwk's Antique Weapon Boutique.
  1654 | D:3      | Found a sparkling altar of Nemelex Xobeh.
  1763 | D:3      | Reached XP level 5. HP: 27/33 MP: 5/5
  2090 | D:3      | Reached skill level 6 in Unarmed Combat
  2327 | D:4      | Reached XP level 6. HP: 39/39 MP: 6/6
  2363 | D:4      | Found an opulent altar of Gozag.
  2364 | D:4      | Found an opulent altar of Gozag.
  2370 | D:4      | Found an opulent altar of Gozag.
  2380 | D:4      | Found an opulent altar of Gozag.
  2484 | D:4      | Found Hior's Antique Weapon Boutique.
  2651 | D:4      | Found a radiant altar of Vehumet.
  2866 | D:4      | Became a worshipper of Gozag Ym Sagoz the Greedy
  2885 | D:5      | Entered Level 5 of the Dungeon
  2948 | D:5      | Reached skill level 1 in Stealth
  3280 | D:5      | Reached XP level 7. HP: 45/45 MP: 7/7
  3378 | D:5      | Reached skill level 7 in Unarmed Combat
  3390 | D:5      | Reached skill level 5 in Stealth
  3783 | D:6      | Reached XP level 8. HP: 50/50 MP: 8/8
  3785 | D:6      | Reached skill level 8 in Unarmed Combat
  4119 | D:6      | Found a bloodstained altar of Trog.
  4273 | D:6      | Reached skill level 5 in Dodging
  4273 | D:6      | Reached skill level 9 in Unarmed Combat
  4521 | D:6      | Reached XP level 9. HP: 52/54 MP: 9/9
  4524 | D:6      | Found a burning altar of Makhleb.
  4663 | D:7      | Found a staircase to the Ecumenical Temple.
  4678 | D:7      | Reached skill level 10 in Unarmed Combat
  4798 | D:6      | Slain by a wight

Illustrated notes

Levels and vault maps discovered:
D:1:      dpeg_arrival_ternary, layout_basic
D:2:      layout_rooms
D:3:      minmay_razor_zed, layout_basic, mainiacjoe_overflow_alcove_2,
          serial_shops, nicolae_shop_peninsula, grunt_decor_arrowhead
D:4:      layout_loops_cross, nicolae_gozag_conspicuous_consumption,
          mainiacjoe_overflow_small_starburst, serial_shops, shop
D:5:      layout_basic
D:6:      layout_loops_ring, marbit_many_paths, trog_hazing_becter
D:7:      layout_basic, kennysheep_little_box, minmay_temple_entry_overgrown,
          kennysheep_decorative_pillar, grunt_ministairs_2, worms_lemuel,
          uniq_menkaure

Skill      XL: |  1  2  3  4  5  6  7  8  9 |
---------------+----------------------------+-----
Unarmed Combat | 4 5 6 7 9 10 | 10.0
Fighting       | 2 4 |  4.0
Dodging        | 3 5 |  5.0
Stealth        | 3 5 |  5.0
Shapeshifting  | |  3.0

Action                     |  1- 3 |  4- 6 |  7- 9 || total
---------------------------+-------+-------+-------++-------
  Melee: Unarmed           |    95 |   145 |   142 ||   382
         Constrict         |    27 |    39 |    29 ||    95
         Tentacles         |    16 |    27 |    33 ||    76
         Punch             |     3 |     9 |     7 ||    19
    Use: Scroll            |     1 |     6 |     2 ||     9
         Potion            |       |     1 |       ||     1
   Stab: Sleeping          |     1 |    10 |    10 ||    21
         Distracted        |       |     1 |       ||     1
 Armour: Skin              |    43 |    55 |    60 ||   158
  Dodge: Dodged            |    78 |    65 |    59 ||   202
